 Dungeon Crawl Stone Soup version 0.18.1-8-gdd0e5ea (webtiles) character file.

14367 matakusis the Unseen (level 11, -9/68 HPs)
             Began as a Vampire Enchanter on June 7, 2016.
             Was a High Priest of Dithmenos.
             Mangled by mrath's ghost (23 damage)
             ... on level 2 of the Orcish Mines.
             The game lasted 01:18:13 (14827 turns).

matakusis the Unseen (Vampire Enchanter)           Turns: 14827, Time: 01:18:14

Health: -9/68      AC: 12    Str:  9    XL:     11   Next: 87%
Magic:  9/23       EV: 16    Int: 18    God:    Dithmenos [*****.]
Gold:   835        SH:  7    Dex: 18    Spells: 4 memorised, 17 levels left

rFire  + + .     SeeInvis +     E - +2 short sword (venom)
rCold  + + .     Gourm    .     m - +2 robe {rC+ rF+}
rNeg   + + +     Faith    .     x - +1 buckler {AC+3}
rPois  +         Spirit   .     G - +1 hat {SInv}
rElec  .         Dismiss  .     F - +0 cloak of Vanity {rN+}
rCorr  .         Reflect  .     A - +0 pair of gloves
SustAt .         Harm     .     D - +0 pair of boots
MR     +....                    (no amulet)
Stlth  ++++++++++               h - +2 ring of strength
                                a - ring of protection from fire

@: about to teleport, regenerating slowly, wreathed by umbra, somewhat resistant
to hostile enchantments, uncannily stealthy
A: fangs 3, molten scales 1, see invisible, unbreathing
a: Bat Form, Shadow Step, Shadow Form, Renounce Religion


You were on level 2 of the Orcish Mines.
You worshipped Dithmenos.
Dithmenos was extremely pleased with you.
You were thirsty.

You visited 3 branches of the dungeon, and saw 14 of its levels.

You collected 1184 gold pieces.
You spent 349 gold pieces at shops.

Inventory:

Hand Weapons
 p - a +0 dagger of venom
 E - a +2 short sword of venom (weapon)
Missiles
 n - 4 javelins of returning (quivered)
 o - 335 stones
Armour
 m - a +2 robe of resistance (worn)
 x - a +1 buckler of protection (worn)
 A - a +0 pair of gloves (worn)
 D - a +0 pair of boots (worn)
 F - the +0 cloak of Vanity (worn) {rN+}
   (You bought it in a shop on level 1 of the Orcish Mines)

   It protects you from negative energy.
 G - a +1 hat of see invisible (worn)
Jewellery
 a - a ring of protection from fire (left hand)
 h - a +2 ring of strength (right hand)
 l - an uncursed ring of flight
 u - an uncursed ring of fire
Wands
 e - a wand of disintegration (17/24)
 r - a wand of disintegration (14/24)
 v - a wand of paralysis (14/24)
 z - a wand of disintegration (8/24)
 B - a wand of paralysis (11/24)
Scrolls
 f - 5 scrolls of remove curse
 g - 5 scrolls of identify
 q - 3 scrolls of recharging
 s - 3 scrolls of enchant weapon
Potions
 d - 20 potions of blood
 i - 2 potions of curing
 j - 2 potions of haste
 k - 2 potions of might
 t - a potion of cancellation
 C - a potion of lignification
Books
 c - a book of Maledictions

   Spells                             Type                      Level
   a - Corona                         Hexes                        1
   b - Ensorcelled Hibernation        Hexes/Ice                    2
   c - Confuse                        Hexes                        3
   d - Tukima's Dance                 Hexes                        3
   e - Dazzling Spray                 Conjuration/Hexes            3
 y - a book of Annihilations

   Spells                             Type                      Level
   a - Poison Arrow                   Conjuration/Poison           6
   b - Chain Lightning                Conjuration/Air              8
   c - Lehudib's Crystal Spear        Conjuration/Earth            8
   d - Glaciate                       Conjuration/Ice              9
   e - Fire Storm                     Conjuration/Fire             9


   Skills:
 + Level 4.1 Short Blades
 + Level 5.6 Dodging
 * Level 17.9 Stealth
 * Level 4.8 Shields
 + Level 8.7 Spellcasting
 + Level 12.8 Hexes


You had 17 spell levels left.
You knew the following spells:

 Your Spells              Type           Power        Failure   Level  Hunger
a - Corona                Hex            ######.      1%          1    None
b - Confuse               Hex            ######..     1%          3    None
c - Tukima's Dance        Hex            ######..     1%          3    None
d - Dazzling Spray        Conj/Hex       ####....     1%          3    None


Dungeon Overview and Level Annotations

Branches:
Dungeon (11/15)            Temple (1/1) D:6            Lair (0/8) D:10
    Orc (2/2) D:11
    Elf: Orc:2

Altars:
Ashenzari
Cheibriados
Dithmenos
Elyvilon
Fedhas
Gozag
Kikubaaqudgha
Makhleb
Nemelex Xobeh
Okawaru
Pakellas
Qazlal
Ru
Sif Muna
Trog
Vehumet
Xom
Yredelemnul
Zin
The Shining One
Beogh

Shops:
D:8 *   Orc:1 [   Orc:2 }**

Portals:
Ice
Cave: Orc:2

Annotations:
Orc:2 mrath's ghost, journeyman TrHu


Innate Abilities, Weirdness & Mutations

You heal slowly.
You have razor-sharp teeth.
You have supernaturally acute eyesight.
You can survive without breathing.
You are partially covered in molten scales (AC +1).


Message History

You block the ice beast's attack.
Casting: Confuse
Confirm with . or Enter, or press ? or * to list all spells.
Aiming: Confuse
Press: ? - help, Shift-Dir - straight line, f - mrath's ghost
Aim: mrath's ghost (umbra, chance to defeat MR: 15%) Mrath's ghost resists with almost no effort.
Mrath's ghost hits you!
* * * LOW HITPOINT WARNING * * *
The ice beast hits you but does no damage.
You block the ice beast's attack. The ice beast misses you.
Casting: Confuse
Confirm with . or Enter, or press ? or * to list all spells.
Aiming: Confuse
Press: ? - help, Shift-Dir - straight line, f/p - mrath's ghost
Aim: mrath's ghost (umbra, chance to defeat MR: 15%) Mrath's ghost resists with almost no effort.
Mrath's ghost hits you!!
You die...

..<...###........#
###.##
.......#........##
###
.................#
..............<.##
..............###
...........#...#
#.............###
...............Y## #
.........Y@# ..
.......YYW### ## T..
#.$.....Y##.##.#T..∩
##......T.Y.TCC...OO
#.#........Y...##.T.
....#......∩(.O...O.
#.###.$.........T.OO
###....$..$...##.∩C.
#...........#


.OT You could see a troll, 5 ice beasts and mrath's ghost.

Vanquished Creatures
  Gastronok (Orc:1)
  A hill giant (D:10)
  3 orc sorcerers
  A cyclops (D:8)
  An ugly thing (D:11)
  A two-headed ogre (D:9)
  Sigmund (D:5)
  A spriggan (D:7)
  12 yaks
  3 wraiths (D:11)
  A shadow (D:11)
  A dancing weapon (D:10)
  2 hippogriffs
  2 wargs (Orc:1)
  3 water moccasins
  Duvessa (D:6)
  6 sky beasts
  3 orc warriors
  6 ice beasts
  2 black bears
  A wasp (D:7)
  5 phantoms
  9 ogres
  A centaur (D:9)
  A crocodile (D:10)
  A big kobold (D:11)
  8 giant frogs
  Dowan (D:6)
  3 scorpions
  4 killer bees (D:7)
  6 wights
  5 howler monkeys
  A giant frog zombie (D:6)
  2 centaur zombies
  A crimson imp (D:9)
  The ghost of santipi the Grasshopper, a weakling SpWr of Qazlal (D:4)
  4 jellies
  A quasit (D:11)
  6 hounds
  2 giant frog skeletons
  2 orc priests
  13 orc wizards
  Ijyb (D:3)
  An iguana (D:5)
  A hell rat (D:6)
  12 worker ants
  4 sheep
  A killer bee zombie (D:6)
  8 ogre zombies (D:11)
  2 hound skeletons
  A worker ant zombie (D:6)
  14 adders
  8 gnolls
  11 river rats
  3 shadow imps
  An adder zombie (D:9)
  3 worms
  6 dart slugs
  4 giant geckos
  40 orcs
  2 ball pythons
  7 bats
  7 giant cockroaches
  7 goblins
  9 hobgoblins
  13 jackals
  9 quokkas
  4 giant newts
  2 goblin skeletons (D:11)
  3 goblin zombies (D:11)
  A hobgoblin skeleton (D:11)
  A hobgoblin zombie (D:11)
  11 kobolds
  18 orc zombies (D:11)
  A quokka zombie (D:5)
  38 rats
384 creatures vanquished.

Vanquished Creatures (collateral kills)
  An orc warrior (D:6)
  An ogre (D:11)
  An orc priest (D:4)
  An orc wizard (Orc:1)
  3 orcs
7 creatures vanquished.

Grand Total: 391 creatures vanquished

Notes
Turn   | Place    | Note
--------------------------------------------------------------
     0 | D:1      | matakusis the Vampire Enchanter began the quest for the Orb.
     0 | D:1      | Reached XP level 1. HP: 13/13 MP: 3/3
    71 | D:1      | Reached skill level 5 in Stealth
   116 | D:1      | Reached XP level 2. HP: 19/19 MP: 3/5
   725 | D:1      | Reached XP level 3. HP: 24/24 MP: 4/6
  1128 | D:2      | Found a sparkling altar of Nemelex Xobeh.
  1830 | D:2      | Learned a level 3 spell: Confuse
  1966 | D:2      | Reached skill level 6 in Stealth
  1966 | D:2      | Reached skill level 5 in Hexes
  1966 | D:2      | Reached XP level 4. HP: 25/30 MP: 4/7
  2077 | D:2      | Learned a level 3 spell: Tukima's Dance
  2675 | D:3      | Noticed Ijyb
  2677 | D:3      | Killed Ijyb
  2734 | D:3      | Reached XP level 5. HP: 35/35 MP: 5/9
  2949 | D:3      | Reached skill level 7 in Stealth
  4056 | D:4      | Reached XP level 6. HP: 19/41 MP: 3/11
  4581 | D:4      | Got a fine short sword
  4587 | D:4      | Learned a level 3 spell: Dazzling Spray
  4644 | D:4      | Noticed santipi's ghost (weakling SpWr)
  4658 | D:4      | Killed santipi's ghost
  4687 | D:4      | Reached skill level 8 in Stealth
  5645 | D:4      | Found a glowing silver altar of Zin.
  5645 | D:4      | Noticed an angel
  5684 | D:4      | Reached skill level 9 in Stealth
  5684 | D:4      | Reached XP level 7. HP: 46/46 MP: 12/12
  5788 | D:5      | Entered Level 5 of the Dungeon
  6036 | D:5      | Found a stormy altar of Qazlal.
  6037 | D:5      | Noticed Sigmund
  6056 | D:5      | Killed Sigmund
  6056 | D:5      | Reached skill level 10 in Stealth
  6071 | D:5      | Reached XP level 8. HP: 50/52 MP: 7/14
  6353 | D:5      | Found an oddly glowing altar of Pakellas.
  6491 | D:6      | Noticed Duvessa
  6491 | D:6      | Noticed Dowan
  6493 | D:6      | Killed Duvessa
  6493 | D:6      | Reached skill level 11 in Stealth
  6498 | D:6      | Killed Dowan
  6533 | D:6      | Found a staircase to the Ecumenical Temple.
  6543 | Temple   | Entered the Ecumenical Temple
  6547 | Temple   | Became a worshipper of Dithmenos the Shadowed
  7040 | D:6      | Reached skill level 12 in Stealth
  7040 | D:6      | Reached skill level 5 in Spellcasting
  7133 | D:6      | Found a shattered altar of Ashenzari.
  7344 | D:6      | Reached XP level 9. HP: 32/57 MP: 1/16
  7345 | D:6      | Reached * piety under Dithmenos
  7751 | D:7      | Reached ** piety under Dithmenos
  7766 | D:7      | Reached skill level 13 in Stealth
  7924 | D:7      | Found an ancient bone altar of Kikubaaqudgha.
  8335 | D:7      | Found a white marble altar of Elyvilon.
  8544 | D:8      | Noticed a cyclops
  8546 | D:8      | Reached skill level 10 in Hexes
  8638 | D:8      | Reached skill level 14 in Stealth
  9219 | D:8      | Killed a cyclops
  9219 | D:8      | Reached XP level 10. HP: 63/63 MP: 5/19
  9281 | D:8      | Reached *** piety under Dithmenos
  9281 | D:8      | Reached skill level 5 in Dodging
  9712 | D:8      | Found Ostropnu's Assorted Antiques.
  9750 | D:8      | Bought a runed buckler for 121 gold pieces
  9839 | D:9      | Reached skill level 15 in Stealth
 10118 | D:9      | Reached skill level 1 in Shields
 10399 | D:9      | Found a glowing golden altar of the Shining One.
 11169 | D:10     | Entered Level 10 of the Dungeon
 11172 | D:10     | Noticed a hill giant
 11204 | D:9      | HP: 3/63 [poisoned by a water moccasin]
 11212 | D:9      | HP: 2/63 [poisoned by a water moccasin]
 11220 | D:9      | HP: 1/63 [poisoned by a water moccasin]
 11521 | D:10     | Killed a hill giant
 11698 | D:10     | Reached skill level 16 in Stealth
 11705 | D:10     | Found a staircase to the Lair.
 11736 | D:10     | Reached **** piety under Dithmenos
 11959 | D:10     | Found a shattered altar of Ashenzari.
 12453 | D:11     | Reached XP level 11. HP: 47/68 MP: 3/22
 12658 | D:11     | Found a staircase to the Orcish Mines.
 13122 | D:11     | Found a bloodstained altar of Trog.
 13127 | D:11     | Noticed a cyan ugly thing
 13135 | D:11     | Killed a cyan ugly thing
 13242 | D:11     | Reached skill level 17 in Stealth
 13939 | D:11     | Gained mutation: You are partially covered in molten scales (AC +1). [potion of beneficial mutation]
 13954 | Orc:1    | Entered Level 1 of the Orcish Mines
 14039 | Orc:1    | Found Ujaife Daerch's Antique Armour Emporium.
 14044 | Orc:1    | Noticed an orc sorcerer
 14059 | Orc:1    | Killed an orc sorcerer
 14070 | Orc:1    | Bought a scorched cloak for 228 gold pieces
 14081 | Orc:1    | Identified the cursed +0 cloak of Vanity {rN+} (You bought it in a shop on level 1 of the Orcish Mines)
 14161 | Orc:1    | Noticed an orc sorcerer
 14176 | Orc:1    | Reached ***** piety under Dithmenos
 14201 | Orc:1    | Killed an orc sorcerer
 14208 | Orc:1    | Noticed Gastronok
 14575 | Orc:1    | Killed Gastronok
 14734 | Orc:2    | Entered Level 2 of the Orcish Mines
 14735 | Orc:2    | Found Ovvobra's Gadget Emporium.
 14757 | Orc:2    | Found a roughly hewn altar of Beogh.
 14765 | Orc:2    | Noticed an orc sorcerer
 14772 | Orc:2    | Killed an orc sorcerer
 14799 | Orc:2    | Noticed mrath's ghost (journeyman TrHu)
 14800 | Orc:2    | Found a frozen archway.
 14806 | Orc:2    | Found Meojirru's General Store.
 14806 | Orc:2    | Noticed a stone giant
 14808 | Orc:2    | Noticed a deep troll
 14811 | Orc:2    | Found Saabir's General Store.
 14812 | Orc:2    | Noticed a hill giant
 14813 | Orc:2    | Noticed a hill giant
 14814 | Orc:2    | Noticed an ogre mage
 14827 | Orc:2    | Mangled by mrath's ghost

Skill      XL: |  1  2  3  4  5  6  7  8  9 10 11 |
---------------+----------------------------------+-----
Stealth        | 5 6 7 9 10 12 14 16 17 | 17.9
Hexes          | 5 6 7 9 10 11 12 | 12.8
Spellcasting   | 3 4 5 6 7 8 |  8.7
Short Blades   | 2 3 4 |  4.1
Dodging        | 3 4 5 |  5.6
Shields        | 3 4 |  4.8

Action                   |  1- 3 |  4- 6 |  7- 9 | 10-12 || total
-------------------------+-------+-------+-------+-------++-------
Melee: Dagger            |   129 |   179 |   372 |   347 ||  1027
       Bite              |    14 |    11 |    40 |    55 ||   120
       Short sword       |       |       |       |   126 ||   126
 Cast: Corona            |    34 |       |       |       ||    34
       Confuse           |     1 |    35 |    74 |   117 ||   227
       Tukima's Dance    |       |     6 |     6 |     8 ||    20
       Dazzling Spray    |       |       |     1 |     9 ||    10
  Use: Potion            |     4 |     7 |    16 |    21 ||    48
       Scroll            |       |     5 |     9 |    10 ||    24
 Stab: Sleeping          |    11 |    24 |    27 |    49 ||   111
       Confused          |       |    19 |    40 |    58 ||   117
       Distracted        |       |     1 |       |       ||     1
       Invisible         |       |       |       |     5 ||     5
Armor: Robe              |    26 |    17 |    44 |    43 ||   130
Dodge: Dodged            |    76 |    61 |   215 |   196 ||   548
Block: Buckler           |       |       |       |    63 ||    63
